 Dungeon Crawl Stone Soup version 0.28-a0-819-g6ef7baa362 (webtiles) character file.

Game seed: 13054156854052985058

28 croobank the Chopper (level 3, -1/26 HPs)
             Began as an Octopode Berserker on Nov 9, 2021.
             Was a Follower of Trog.
             Succumbed to an adder's poison
             ... on level 2 of the Dungeon.
             The game lasted 00:03:18 (953 turns).

croobank the Chopper (Octopode Berserker)            Turns: 953, Time: 00:03:19

Health: -1/26      AC:  1    Str: 17    XL:     3   Next: 14%
Magic:  3/3        EV: 13    Int:  9    God:    Trog [*.....]
Gold:   86         SH:  0    Dex: 11    Spells: 2/2 levels left

rFire   . . .      SeeInvis .   a - +0 hand axe
rCold   . . .      Faith    .   (no shield)
rNeg    . . .      Spirit   .   (helmet restricted)
rPois   .          Reflect  .   (no amulet)
rElec   .          Harm     .   (no ring)
rCorr   .          Rampage  .   (no ring)
Will    .....                   (no ring)
Stlth   ++........              (no ring)
HPRegen 0.08/turn               (no ring)
MPRegen 0.08/turn               (no ring)
                                (no ring)
                                (no ring)

@: lethally poisoned (-1 -> -9), hasted, very quick
A: almost no armour, amphibious, 8 rings, camouflage 1, gelatinous body 1,
(nimble swimmer 1), tentacles
a: Renounce Religion, Berserk


You were on level 2 of the Dungeon.
You worshipped Trog.
Trog was aware of your devotion.
You visited 1 branch of the dungeon, and saw 2 of its levels.

You collected 86 gold pieces.

Inventory:

Hand Weapons
 a - a +0 hand axe (weapon)
 f - a +0 dagger of venom
Missiles
 d - 58 stones
 e - 2 atropa-tipped darts (quivered)
Scrolls
 c - 3 scrolls of summoning {unknown}


   Skills:
 + Level 3.4 Fighting
 + Level 3.5 Axes
 + Level 3.2 Dodging
 + Level 0.8 Stealth


You had 2 spell levels left.
You didn't know any spells.
Your spell library was empty.

Dungeon Overview and Level Annotations

Branches:
Dungeon (2/15)

Altars:


Innate Abilities, Weirdness & Mutations

You cannot wear most types of armour.
You are amphibious.
You can wear up to eight rings at the same time.
Your skin changes colour to match your surroundings (Stealth+).
Your rubbery body absorbs attacks. (AC +1, EV +1)
((You are camouflaged near water. (Stealth+)))
You have tentacles for arms and can constrict up to eight enemies at once.


Message History

The adder hisses angrily.
Your grab misses the adder. You hit the goblin. The adder barely misses you.
The goblin hits you with a +0 club. The adder bites you.
You hit the adder but do no damage. You grab the adder. You hit the goblin.
You kill the goblin!
Trog accepts your kill.
You constrict the adder.
The hobgoblin shouts!
The adder bites you.
A hobgoblin comes into view.
The hobgoblin shouts!
You hit the adder.
The adder is moderately wounded.
You constrict the adder. The adder barely misses you. The adder bites you.
You hit the adder. You squeeze the adder.
You kill the adder!
Trog accepts your kill.
You have reached level 3!
Your experience leads to an increase in your attributes!
Increase (S)trength, (I)ntelligence, or (D)exterity?
You feel stronger.
You barely miss the adder. Your grab misses the adder.
Your squeeze misses the adder. The adder barely misses you.
The adder bites you.
You barely miss the adder. Your grab misses the adder.
Your squeeze misses the adder. The adder closely misses you.
You closely miss the adder. Your grab misses the adder.
Your squeeze misses the adder. The adder bites you.
You are poisoned.
The adder poisons you!
A quokka comes into view.
You feel sick. The adder bites you.
* * * LOW HITPOINT WARNING * * *
The adder bites you.
* * * LOW HITPOINT WARNING * * *
You are more poisoned.
The adder poisons you!
You see here an adder corpse.
It was a potion of haste.
You feel yourself speed up.
You die...

..# ..# ### #. ..# ......
#.# .(#.# #########.#
#.).# #......##.####..#
#.####..........#
#.......#.......####
....##..##......@g.##
#.#.##..##.##...gS..#
#.<........##.........#
#.####.....†............#
#. ....#######........#r#
## ##### #...........
#......###.# #.##...# .#
#.# ....


You could see an adder, a quokka (wandering) and 2 hobgoblins.

Vanquished Creatures
  An adder (D:2)
  A dart slug (D:1)
  An endoplasm (D:1)
  A giant cockroach (D:1)
  4 goblins
  A hobgoblin (D:1)
  2 ball pythons (D:1)
  A bat (D:1)
  4 frilled lizards (D:1)
  A kobold (D:1)
  A rat (D:1)
18 creatures vanquished.

Notes
Turn   | Place    | Note
-------+----------+-------------------------------------------
     0 | D:1      | croobank the Octopode Berserker began the quest for the
                  | Orb.
     0 | D:1      | Reached XP level 1. HP: 16/16 MP: 1/1
   468 | D:1      | Reached XP level 2. HP: 12/21 MP: 2/2
   949 | D:2      | Reached XP level 3. HP: 15/26 MP: 3/3
   952 | D:2      | HP: 1/26 [adder (3)]
   953 | D:2      | Succumbed to an adder's poison

Illustrated notes

Levels and vault maps discovered:
D:1:      sevenhm_arrival_forest_fort_small_6, layout_rooms
D:2:      layout_loops_cross, uniq_robin

Action                   || total
-------------------------++-------
Melee: Hand axe          ||    37
       Constrict         ||     9
       Tentacles         ||     4
  Use: Potion            ||     1
 Stab: Sleeping          ||     2
Armor: Skin              ||     2
Dodge: Dodged            ||    21

Table legend: (Time is in decaauts)
 A = Elapsed time spent in this place.
 B = Non-inter-level travel time spent in this place.
 C = Inter-level travel time spent in this place.
 D = Time resting spent in this place.
 E = Time spent auto-exploring this place.
 F = Levels seen in this place.
 G = Mean time per level.
                   A        B        C        D        E       F      G
               +--------+--------+--------+--------+--------+-----+--------+
         Total |    958 |    958 |      0 |    353 |    442 |   2 |  479.0 |
       Dungeon |    958 |    958 |      0 |    353 |    442 |   2 |  479.0 |
               +--------+--------+--------+--------+--------+-----+--------+

Top non-repeatable levels by time:
     D:1: 922 daAuts
     D:2: 35 daAuts
